 Dungeon Crawl Stone Soup version 0.29.0-5-ge4962eb29e (webtiles) character file.

Game seed: 8900672946197630800

27 Armakuni the Cudgeller (level 3, 0/31 HPs)
             Began as a Meteoran Delver on Aug 28, 2022.
             Was an Initiate of Elyvilon.
             Succumbed to an adder's poison
             ... on level 3 of the Dungeon.
             The game lasted 00:02:27 (356 turns).

Armakuni the Cudgeller (Meteoran Delver)             Turns: 356, Time: 00:02:28

Health: 0/31       AC:  3    Str: 15    XL:     3   Next: 44%
Magic:  4/4        EV: 12    Int: 12    God:    Elyvilon [......]
Gold:   16         SH:  0    Dex: 15    Spells: 2/2 levels left

rFire   . . .      SeeInvis .   a - +0 mace
rCold   . . .      Faith    .   (no shield)
rNeg    . . .      Spirit   .   b - +0 leather armour
rPois   .          Reflect  .   (no helmet)
rElec   .          Harm     .   (no cloak)
rCorr   .          Rampage  .   (no gloves)
Will    .....                   (no boots)
Stlth   +.........              (no amulet)
HPRegen 0.10/turn               (no ring)
MPRegen 0.09/turn               (no ring)

@: lethally poisoned (0 -> -4), hasted, glowing, very quick
A: sense surroundings 1, otherworldly, glowing, explore regen
a: Renounce Religion


You were on level 3 of the Dungeon.
You worshipped Elyvilon.
Elyvilon was noncommittal.
You visited 2 branches of the dungeon, and saw 5 of its levels.

You collected 16 gold pieces.

Inventory:

Hand Weapons
 a - a +0 mace (weapon)
Armour
 b - a +0 leather armour (worn)
Wands
 g - a wand of digging (3)
Scrolls
 c - a scroll of fog


   Skills:
 - Level 3.2 Fighting
 + Level 4.7 Maces & Flails
 - Level 2.4 Dodging
 - Level 3.7 Stealth


You had 2 spell levels left.
You didn't know any spells.
Your spell library was empty.

Dungeon Overview and Level Annotations

Branches:
Dungeon (6/15) Zot: 2106   Temple (1/1) D:5 Zot: 532

Altars:
Elyvilon
Gozag
Hepliaklqana
Makhleb
Sif Muna
Uskayaw
Wu Jian
Yredelemnul
Zin


Innate Abilities, Weirdness & Mutations

You passively map a small area around you.
You are easily found by Zot.
You glow in the dark.
You regain HP and MP as you explore.


Message History

You hit the adder.
The adder is severely wounded.
You feel sick. The adder closely misses you. The adder bites you.
You are more poisoned.
The adder poisons you!
You closely miss the adder.
The adder is severely wounded.
You feel very sick. The adder bites you. The adder closely misses you.
You feel yourself speed up.
You feel sick. The adder bites you.
You are lethally poisoned!
The adder poisons you!
You closely miss the adder.
The adder is severely wounded.
* * * LOW HITPOINT WARNING * * *
You feel sick. The adder bites you.
* * * LOW HITPOINT WARNING * * *
You barely miss the adder.
The adder is severely wounded.
* * * LOW HITPOINT WARNING * * *
You feel sick. The adder closely misses you.
Unknown command.
Okay, then.
Unknown command.
Nothing quivered!
As you read the scroll of magic mapping, it crumbles to dust.
You feel aware of your surroundings.
* * * LOW HITPOINT WARNING * * *
You feel sick. The adder closely misses you.
Unknown command.
You aren't carrying any potions.
Unknown command.
Okay, then.
You hit the adder.
You kill the adder!
* * * LOW HITPOINT WARNING * * *
You feel sick.
* * * LOW HITPOINT WARNING * * *
You feel sick.
You die...

,**,,,,,,,,,,,,...,*,,,,,,,,,,,**
,**,,,,,,,,,,,,...,,,,,,,*,,,,,*
,*************,#.#,,,,,,,*,,,,,*
,,,,,,,,,,,,,*,#.#********,,,,,*
************,*,#.#,,,,,,,*,,,,,*
** **,,,**,*,#>#,*****,*,,,,,*
,*****,,,,,*,*,#.#,* *,*,,,,,**
,,,,,,,,*,,*,*,#.#,*****,*,,,,,**
,*****,,,,,*,*,#@#,,,,,,,*,,,,,,,
**,,,**,,,**,*,#.#,,,,,,,,,,*,***
*,,,,,**,***,*,#.#,*,,*,,*,,*,*,,
,,,,,,,*,***,*,#.#,,,,*,,*,,*,*,*
,,,,,,,*,+,,,*,#..,,,,*,,*,,*,*,*
,,,,,,,*,**,,*,#..,,,,*,,,,,*,*,*
*,,,,,**,***,*,#..,,,,*,**,,*,*,*
**,,,**,,,**,*,#...,,,*,,,,,*,*,,
,*****,,,,,*,*,*,,,,,,****,,*,***


There were no monsters in sight!

Vanquished Creatures
  2 adders
  An ufetubus (D:4)
  An orc (D:5)
4 creatures vanquished.

Notes
Turn   | Place    | Note
-------+----------+-------------------------------------------
     0 | D:5      | Armakuni the Meteoran Delver began the quest for the Orb.
     0 | D:5      | Reached XP level 1. HP: 19/19 MP: 2/2
    12 | D:5      | Noticed a scorpion
    24 | D:4      | Noticed a scorpion
    38 | D:5      | Found a staircase to the Ecumenical Temple.
    47 | Temple   | Entered the Ecumenical Temple
   100 | Temple   | Became a worshipper of Elyvilon the Healer
   136 | D:5      | Reached skill level 3 in Maces & Flails
   136 | D:5      | Reached XP level 2. HP: 14/26 MP: 3/3
   273 | D:4      | Reached skill level 4 in Maces & Flails
   284 | D:5      | Reached XP level 3. HP: 18/31 MP: 4/4
   288 | D:5      | Noticed a scorpion
   354 | D:3      | HP: 1/31 [poisoned by an adder]
   356 | D:3      | Succumbed to an adder's poison

Illustrated notes

Levels and vault maps discovered:
D:3:      minmay_octagon_keep, layout_basic
D:4:      layout_basic, lemuel_tele_altar, uniq_edmund
D:5:      layout_gridville, nemelex_xobeh_ov_fountains_minmay, temple_fountains,
          gammafunk_ghost_split, minmay_circle_x
D:6:      layout_layer_cave, mainiacjoe_overflow_six_doors_small, minivault_23,
          dk_noncrumbling_3, nrook_campfire, reono_crystal_passage
Temple:   compressed_dpeg_triangle_lava_temple

Skill      XL: |  1  2 |
---------------+-------+-----
Maces & Flails | 3 4 |  4.7
Fighting       | |  3.2
Dodging        | |  2.4
Stealth        | |  3.7

Action                   || total
-------------------------++-------
Melee: Mace              ||    32
       Punch             ||     1
  Use: Scroll            ||     2
       Potion            ||     1
Armor: Leather armour    ||    14
Dodge: Dodged            ||    30
